 Dungeon Crawl Stone Soup version 0.14.2 (webtiles) character file.

151 theanonym the Cudgeler (level 4, 0/35 HPs)
             Began as a Mummy Warper on Dec 5, 2018.
             Slain by a worm (4 damage)
             ... on Level 3 of the Dungeon.
             The game lasted 00:02:59 (2300 turns).

theanonym the Cudgeler (Mummy Warper)               Turns: 2300, Time: 00:02:59

HP   0/35        AC  6     Str 15      XL: 4   Next: 17%
MP   7/7         EV  9     Int 12      God:
Gold 72          SH  0     Dex 11      Spells:  1 memorised,  6 levels left

rFire  x . .     SeeInvis .     a - +0 mace
rCold  + . .     Clarity  .     h - +0 ring mail
rNeg   + + +     Conserve .     (no shield)
rPois  +         rCorr    .     k - +0 helmet
rElec  .         rRot     +     (no cloak)
SustAb . .       Spirit   .     (no gloves)
rMut   .         Warding  .     (no boots)
Saprov . . .     Stasis   .     (no amulet)
MR     .....                    (no ring)
                                (no ring)

@: not resistant to hostile enchantments, extremely unstealthy
A: no food or potions, fire vulnerability, restore body, cold resistance 1, life
protection 3, poison resistance, torment resistance, unbreathing
a: no special abilities


Innate Abilities, Weirdness & Mutations

You do not eat or drink.
Your flesh is vulnerable to fire.
Your flesh is cold resistant.
You are immune to negative energy.
Your system is resistant to poisons.
You are immune to unholy pain and torment.
You can survive without breathing.


   Skills:
 + Level 3.0 Fighting
 * Level 3.1 Maces & Flails
 - Level 0.7 Throwing
 - Level 0.7 Armour
 - Level 1.5 Dodging
 - Level 2.0 Spellcasting
 - Level 2.4 Translocations


You had 6 spell levels left.
You knew the following spells:

 Your Spells              Type           Power        Failure   Level  Hunger
q - Apportation           Tloc           #.........   14%         1    N/A

Action                   |  1- 3 |  4- 6 || total
-------------------------+-------+-------++-------
Melee: Mace              |   124 |    12 ||   136
  Use: Scroll            |       |     4 ||     4

Inventory:

Hand weapons
 a - a +0,+0 mace (weapon)
Missiles
 e - 37 darts (quivered)
 f - 10 darts of dispersal
 n - 19 darts of flame
Armour
 h - a +0 ring mail (worn)
   (You found it on level 1 of the Dungeon)
 k - a +0 helmet (worn)
   (You found it on level 2 of the Dungeon)
Scrolls
 d - 2 scrolls of blinking
 g - a scroll of teleportation {!r}
 l - a scroll of fog
 m - a scroll of enchant weapon II {unknown}
 o - a scroll of enchant armour {unknown}
Books
 c - a book of Spatial Translocations


You were on level 3 of the Dungeon.
You were not hungry.

You visited 1 branch of the dungeon, and saw 3 of its levels.

You collected 72 gold pieces.

Dungeon Overview and Level Annotations

Branches:
Dungeon (3/15)

Altars:
Vehumet

##+## ##...##
##.....##
##..<....##
#.!.......##.#
+......w.......
#.....@...#
##.......##
##......#
##...#.#
##+##.# .# . #


You could see a worm.

Notes
Turn   | Place    | Note
--------------------------------------------------------------
     0 | D:1      | theanonym, the Mummy Warper, began the quest for the Orb.
     0 | D:1      | Reached XP level 1. HP: 16/16 MP: 3/3
   328 | D:1      | HP: 8/16 [rat (1)]
   529 | D:1      | Reached XP level 2. HP: 21/23 MP: 4/4
   539 | D:1      | Reached skill level 2 in Maces & Flails
   970 | D:1      | Reached XP level 3. HP: 28/28 MP: 6/6
  1447 | D:2      | Found a radiant altar of Vehumet.
  1668 | D:2      | Reached skill level 3 in Fighting
  1976 | D:2      | Noticed Jessica
  2021 | D:2      | Killed Jessica
  2021 | D:2      | Reached skill level 3 in Maces & Flails
  2021 | D:2      | Reached XP level 4. HP: 35/35 MP: 7/7
  2296 | D:3      | HP: 16/35 [worm (6)]
  2299 | D:3      | HP: 3/35 [worm (7)]
  2300 | D:3      | Slain by a worm

Vanquished Creatures
  Jessica (D:2)
  3 adders
  4 bats (D:1)
  3 giant cockroaches (D:1)
  3 goblins
  6 hobgoblins
  2 giant geckos
  6 kobolds
  7 rats
35 creatures vanquished.

Table legend:
 A = Turns spent in this place as a percentage of turns spent in the entire game.
 B = Non-inter-level travel turns spent in this place as a percentage of non-inter-level travel turns spent in the entire game.
 C = Inter-level travel turns spent in this place as a percentage of turns spent in this place.
 D = Turns resting spent in this place as a percentage of non-inter-level travel turns spent in this place.
 E = Turns spent auto-exploring this place as a percentage of non-inter-level travel turns spent in this place.
 F = Non-inter-level travel turns spent in this place divided by the number of levels of this place that you've seen.
                   A       B       C       D       E      F
               +-------+-------+-------+-------+-------+----------------------
         Total | 100.0 | 100.0 |   1.0 |   1.8 |  10.6 | 261.0
       Dungeon | 100.0 | 100.0 |   1.0 |   1.8 |  10.6 | 261.0
               +-------+-------+-------+-------+-------+----------------------
